 Dungeon Crawl Stone Soup version 0.22-a0-135-g6f012ad (webtiles) character file.

348 KristoblXynda the Magician (level 6, -1/51 HPs)
             Began as a Minotaur Wizard on Feb 1, 2018.
             Was an Initiate of Ashenzari.
             Killed from afar by an orc wizard (7 damage)
             ... with a magic dart
             ... on level 4 of the Dungeon.
             The game lasted 00:06:48 (4346 turns).

KristoblXynda the Magician (Minotaur Wizard)        Turns: 4346, Time: 00:06:49

Health: -1/51      AC:  2    Str: 12    XL:     6   Next: 33%
Magic:  6/10       EV: 12    Int: 16    God:    Ashenzari [......]
Gold:   205        SH:  0    Dex:  9    Spells: 8/12 levels left

rFire    . . .     SeeInvis .   q - +1 flail (crush)
rCold    . . .     Gourm    .   (no shield)
rNeg     . . .     Faith    .   a - +0 robe
rPois    .         Spirit   .   b - +0 hat
rElec    .         Reflect  .   (no cloak)
rCorr    .         Harm     .   (no gloves)
MR       +....                  (no boots)
Stlth    ++........             (no amulet)
HPRegen  0.17/turn              m - ring of protection from magic (curse)
MPRegen  0.12/turn              (no ring)

@: no status effects
A: retaliatory headbutt, horns 2
a: Curse Item, Renounce Religion


You were on level 4 of the Dungeon.
You worshipped Ashenzari.
Ashenzari was noncommittal.
You were very hungry.

You visited 1 branch of the dungeon, and saw 4 of its levels.

You collected 205 gold pieces.

Inventory:

Hand Weapons
 q - a +1 flail of crushing (weapon)
Armour
 a - a +0 robe (worn)
 b - a +0 hat (worn)
Jewellery
 m - a cursed ring of protection from magic (left hand)
Scrolls
 e - a scroll of teleportation
 f - a scroll of immolation
 g - a scroll of noise {unknown}
 j - 2 scrolls of fear
 k - a scroll of amnesia
 l - a scroll of enchant weapon
 o - a scroll of remove curse
Potions
 n - 2 potions of might
 p - a potion of cancellation
Books
 c - a book of Minor Magic

   Spells                             Type                      Level
   a - Magic Dart                     Conjuration                  1
   b - Blink                          Translocation                2
   c - Call Imp                       Summoning                    2
   d - Slow                           Hexes                        2
   e - Conjure Flame                  Conjuration/Fire             3
   f - Mephitic Cloud                 Conjuration/Poison/Air       3
Comestibles
 d - 7 rations


   Skills:
 + Level 3.1 Fighting
 - Level 2.1 Dodging
 - Level 1.5 Stealth
 * Level 3.6 Spellcasting
 * Level 3.0 Conjurations
   Level 0.6 Summonings
   Level 0.6 Translocations


You had 8 spell levels left.
You knew the following spells:

 Your Spells              Type           Power        Failure   Level  Hunger
a - Magic Dart            Conj           ##..         4%          1    None
b - Mephitic Cloud        Conj/Pois/Air  #.......     34%         3    ###....


Dungeon Overview and Level Annotations

Branches:
Dungeon (4/15)
 Temple: D:4-7

Altars:
Ashenzari
Hepliaklqana
Nemelex Xobeh
Xom
Zin
The Shining One

Annotations:
D:3 Grinder; Xoff's ghost, amateur OpWz
D:4 Ijyb


Innate Abilities, Weirdness & Mutations

You reflexively headbutt those who attack you in melee.
You have a pair of horns on your head.


Message History

Unknown command.
Casting: Magic Dart (safe; 4% risk of failure)
Confirm with . or Enter, or press ? or * to list all spells.
Aiming: Magic Dart (safe; 4% risk of failure)
Press: ? - help, Shift-Dir - straight line, f - orc wizard, p - worker ant
Aim: an orc wizard, wielding a dagger and wearing a robe (almost dead, fast)
The magic dart hits the orc wizard.
The orc wizard is almost dead.
The orc wizard gestures wildly while chanting.
The orc wizard blinks!
The orc closely misses you. The worker ant barely misses you.
The orc wizard casts a spell at you. The magic dart hits you!
The worker ant bites you. The orc barely misses you.
The orc wizard points at you and mumbles some strange words.
The magic dart hits you!
* * * LOW HITPOINT WARNING * * *
The orc wizard points at you and mumbles some strange words.
The magic dart hits you!
You die...

# #.##.# #.##.....#
#.#.#...### ###.##.#
#.##.....# #.......#
.......# #.##.....#
###...### .##..###
#.##.....# ##.## .#...#
#.##.....# #.# .#.#.#
#.####..## #.# #...##
#.o.....### ##.##
###...a...# #.# #..@o...#
##.#### #.......#
......########.......#
..............(.....))......
#<..#.########.......#......
##....# #.......##.....
####..# ####.#### #....
####..# #.# #... ......# #.#
...


You could see a worker ant, an orc wizard and an orc.

Vanquished Creatures
  An orc warrior (D:4)
  A hound (D:4)
  2 orc priests (D:4)
  An orc wizard (D:4)
  Jessica (D:2)
  A worker ant (D:4)
  4 adders
  A worm (D:2)
  A dart slug (D:2)
  An orc (D:4)
  A ball python (D:2)
  7 bats
  3 giant cockroaches
  5 goblins
  2 hobgoblins (D:1)
  10 jackals
  2 quokkas (D:2)
  A frilled lizard (D:3)
  4 kobolds
  2 rats
51 creatures vanquished.

Notes
Turn   | Place    | Note
-------+----------+-------------------------------------------
     0 | D:1      | KristoblXynda the Minotaur Wizard began the quest for the Orb.
     0 | D:1      | Reached XP level 1. HP: 14/14 MP: 2/2
   478 | D:1      | Reached skill level 1 in Conjurations
   686 | D:1      | Reached XP level 2. HP: 20/22 MP: 0/4
   976 | D:2      | Reached skill level 1 in Fighting
  1049 | D:2      | Reached XP level 3. HP: 5/28 MP: 0/5
  1308 | D:2      | Learned a level 3 spell: Mephitic Cloud
  1320 | D:2      | Noticed Jessica
  1335 | D:2      | Killed Jessica
  1604 | D:2      | Reached XP level 4. HP: 34/36 MP: 4/7
  1716 | D:2      | Found a sparkling altar of Nemelex Xobeh.
  2262 | D:3      | Found a hazy altar of Hepliaklqana.
  2262 | D:3      | Found a glowing golden altar of the Shining One.
  2268 | D:3      | Found a shimmering altar of Xom.
  2270 | D:3      | Found a glowing silver altar of Zin.
  2271 | D:3      | Found a shattered altar of Ashenzari.
  2278 | D:3      | Became a worshipper of Ashenzari the Shackled
  2763 | D:3      | Noticed Grinder
  2986 | D:3      | Reached XP level 5. HP: 40/41 MP: 8/8
  3156 | D:3      | Noticed Xoff's ghost (amateur OpWz)
  3754 | D:4      | Noticed an orc warrior
  3784 | D:4      | Killed an orc warrior
  3819 | D:4      | Reached XP level 6. HP: 11/50 MP: 3/10
  4232 | D:4      | Noticed Ijyb
  4346 | D:4      | Killed from afar by an orc wizard

Vault maps used:
D:1:      nagdon_arrival_double_spiral, minivault_11
D:2:      nemelex_altar_shiori, uniq_jessica
D:3:      chequers_temple_overflow_minitemple, first_ration, uniq_grinder
D:4:      uniq_menkaure, uniq_ijyb

Skill      XL: |  1  2  3  4  5  6 |
---------------+-------------------+-----
Conjurations   | 1 2 3 |  3.0
Fighting       | 1 2 3 |  3.1
Spellcasting   | 3 |  3.6
Dodging        | |  2.1
Stealth        | |  1.5
Summonings     | |  0.6
Translocations | |  0.6

Action                   |  1- 3 |  4- 6 || total
-------------------------+-------+-------++-------
Melee: Club              |    11 |       ||    11
       Hand axe          |    26 |    76 ||   102
       Unarmed           |     2 |       ||     2
       Headbutt          |     2 |     8 ||    10
       Flail             |       |    14 ||    14
 Cast: Magic Dart        |    28 |    33 ||    61
       Mephitic Cloud    |       |     1 ||     1
Invok: Curse Item        |       |     1 ||     1
  Use: Potion            |     1 |     7 ||     8
       Scroll            |       |     9 ||     9
 Stab: Invisible         |     1 |       ||     1
       Sleeping          |       |     1 ||     1
  Eat: Chunk             |     2 |     5 ||     7
       Ration            |       |     1 ||     1
Armor: Robe              |    12 |    10 ||    22
       Skin              |       |    21 ||    21
Dodge: Dodged            |    60 |    73 ||   133

Table legend:
 A = Spawn XP
 B = Non-spawn XP
 C = Spawn XP percentage of total XP
 D = Spawn monster count
 E = Non-spawn monster count
 F = Spawn count percentage of total count
 G = Total turns spent on level
                    A         B        C        D         E        F      G
               +---------+---------+-------+---------+---------+-------+---------
         Total |       0 |     498 |   0.0 |       0 |      51 |   0.0 |  4346
               +---------+---------+-------+---------+---------+-------+---------
           D:1 |       0 |      13 |   0.0 |       0 |       7 |   0.0 |   968
           D:2 |       0 |     120 |   0.0 |       0 |      25 |   0.0 |  1282
           D:3 |       0 |      19 |   0.0 |       0 |       6 |   0.0 |   801
           D:4 |       0 |     346 |   0.0 |       0 |      13 |   0.0 |  1295
               +---------+---------+-------+---------+---------+-------+---------
